 Dungeon Crawl Stone Soup version 0.25.1-9-gc5326a611f (webtiles) character file.

Game seed: 17164724958830513933

541 Clowwww the Thaumaturge (level 7, 0/37 HPs)
             Began as a Deep Elf Wizard on Dec 30, 2020.
             Was a Follower of Vehumet.
             Slain by a yak (15 damage)
             ... on level 5 of the Dungeon.
             The game lasted 00:17:48 (4869 turns).

Clowwww the Thaumaturge (Deep Elf Wizard)           Turns: 4869, Time: 00:17:49

Health: 0/37       AC:  6    Str:  4    XL:     7   Next: 5%
Magic:  14/29      EV: 17    Int: 25    God:    Vehumet [*.....]
Gold:   185        SH:  5    Dex: 13    Spells: 8/22 levels left

rFire    . . .     SeeInvis .   m - +3 quarterstaff (chaos)
rCold    . . .     Gourm    .   (shield currently unavailable)
rNeg     . . .     Faith    .   a - +0 robe
rPois    .         Spirit   .   b - +2 hat
rElec    .         Reflect  +   n - +1 cloak
rCorr    .         Harm     .   (no gloves)
MR       .....                  (no boots)
Stlth    ++........             o - amulet of reflection
HPRegen  0.12/turn              i - ring of magical power
MPRegen  0.21/turn              k - +4 ring of evasion

@: no status effects
A: no striking features
a: Renounce Religion


You were on level 5 of the Dungeon.
You worshipped Vehumet.
Vehumet was aware of your devotion.
You were not hungry.

You visited 1 branch of the dungeon, and saw 5 of its levels.

You collected 185 gold pieces.

Inventory:

Hand Weapons
 m - a +3 quarterstaff of chaos (weapon)
Armour
 a - a +0 robe (worn)
 b - a +2 hat (worn)
 n - a +1 cloak (worn)
Jewellery
 i - a ring of magical power (left hand)
 k - a +4 ring of evasion (right hand)
 o - an amulet of reflection (around neck)
Wands
 l - a wand of flame (23)
Scrolls
 q - a scroll of magic mapping
Potions
 c - 2 potions of haste
 e - 2 potions of lignification
 f - 3 potions of curing
 g - 3 potions of brilliance
 j - a potion of mutation {unknown}
Comestibles
 d - 6 rations


   Skills:
 + Level 0.7 Fighting
 + Level 1.4 Staves
 + Level 3.2 Dodging
 + Level 2.9 Stealth
 + Level 8.1 Spellcasting
 + Level 2.6 Conjurations
 + Level 3.6 Summonings
 + Level 1.5 Translocations
 + Level 0.2 Air Magic
 + Level 0.1 Poison Magic


You had 8 spell levels left.
You knew the following spells:

 Your Spells              Type           Power        Failure   Level  Hunger
a - Magic Dart            Conj           ###.         1%          1    None
b - Call Imp              Summ           ####....     1%          2    None
c - Blink                 Tloc           N/A          4%          2    None
d - Conjure Flame         Conj/Fire      ###.....     11%         3    None
e - Mephitic Cloud        Conj/Pois/Air  ###.....     12%         3    None
f - Gell's Gravitas       Tloc           ###.......   10%         3    None

Your spell library contained the following spells:

 Spells                   Type           Power        Failure   Level  Hunger
 Freeze                   Ice            ##..         6%          1    None
 Slow                     Hex            ##......     9%          2    None
 Confusing Touch          Hex            ##......     19%         3    None
 Petrify                  Tmut/Erth      ##......     52%         4    ##.....
 Metabolic Englaciation   Hex/Ice        ##........   86%         5    ####...
 Yara's Violent Unravell  Hex/Tmut       ##........   86%         5    ####...


Dungeon Overview and Level Annotations

Branches:
Dungeon (5/15)
 Temple: D:4-7

Altars:
Cheibriados
Dithmenos
Kikubaaqudgha
Vehumet
Wu Jian
Xom
Yredelemnul
The Shining One


Message History

The yak gores your crimson imp.
That item cannot be evoked!
Your crimson imp barely misses the yak.
The yak closely misses your crimson imp.
Your crimson imp blinks!
Your crimson imp blinks!
The yak gores something!
Your crimson imp hits the yak but does no damage.
Casting: Call Imp (safe; 1% risk of failure)
Confirm with . or Enter, or press ? or * to list all spells.
Aiming: Magic Dart (safe; 1% risk of failure)
Press: ? - help, Shift-Dir - straight line, f - yak
Aim: a yak (lightly wounded)
The magic dart hits the yak but does no damage.
The yak is lightly wounded.
You hit the yak but do no damage.
The yak is lightly wounded.
The worker ant bites your crimson imp.
Your crimson imp hits the worker ant.
The worker ant bites your crimson imp. The yak gores you!
You die...

#.# #.# #.# #.# #.#
#.# ####.####### #
+....5Y@...# ..
####a#####.# ..#
#ยง# #.# ... #.# #s#
..
#a#####a######.###.#
#Y..a.#...YYs.......
#####.########.###.#
#..a........ ..
#.Y....###. .#


You could see a yak, a worker ant and a friendly crimson imp (summoned).

Vanquished Creatures
  A yak (D:5)
  Menkaure (D:4)
  A scorpion (D:4)
  A jelly (D:5)
  Jessica (D:2)
  A worker ant (D:4)
  3 gnolls
  5 adders
  An ooze (D:3)
  3 dart slugs
  3 leopard geckos
  3 orcs (D:3)
  4 ball pythons
  5 giant cockroaches
  6 goblins
  8 hobgoblins
  6 jackals
  10 bats
  7 frilled lizards
  2 kobolds (D:3)
  A rat (D:2)
73 creatures vanquished.

Vanquished Creatures (collateral kills)
  Crazy Yiuf (D:2)
  An orc wizard (D:4)
  2 worker ants (D:4)
  4 gnolls
  An adder (D:3)
  3 dart slugs
  2 leopard geckos
  7 orcs
  A bat (D:3)
  2 giant cockroaches
  A goblin (D:2)
  8 jackals
  A quokka (D:3)
  3 rats (D:2)
37 creatures vanquished.

Vanquished Creatures (others)
  A kobold (D:3)
1 creature vanquished.

Grand Total: 111 creatures vanquished

Notes
Turn   | Place    | Note
-------+----------+-------------------------------------------
     0 | D:1      | Clowwww the Deep Elf Wizard began the quest for the Orb.
     0 | D:1      | Reached XP level 1. HP: 10/10 MP: 7/7
   366 | D:1      | Reached skill level 5 in Spellcasting
   366 | D:1      | Reached XP level 2. HP: 15/15 MP: 5/10
   529 | D:1      | Learned a level 2 spell: Call Imp
   532 | D:1      | Learned a level 2 spell: Blink
   860 | D:2      | Found a faded altar of an unknown god.
   979 | D:2      | Found a runed translucent door.
   980 | D:2      | Noticed Crazy Yiuf
   997 | D:2      | Killed Crazy Yiuf
   997 | D:2      | Reached XP level 3. HP: 19/19 MP: 1/12
  1250 | D:2      | Found a glowing golden altar of the Shining One.
  1340 | D:2      | Found a radiant altar of Vehumet.
  1672 | D:2      | Found a basalt altar of Yredelemnul.
  1772 | D:2      | Noticed Jessica
  1779 | D:2      | Killed Jessica
  1779 | D:2      | Reached skill level 6 in Spellcasting
  1779 | D:2      | Reached XP level 4. HP: 11/24 MP: 11/14
  2129 | D:2      | Learned a level 3 spell: Conjure Flame
  2133 | D:2      | Learned a level 3 spell: Mephitic Cloud
  2274 | D:2      | Became a worshipper of Vehumet
  2642 | D:3      | Found a snail-covered altar of Cheibriados.
  2778 | D:3      | Reached XP level 5. HP: 26/28 MP: 10/15
  2916 | D:3      | Reached * piety under Vehumet
  2916 | D:3      | Offered knowledge of Sandblast by Vehumet.
  3412 | D:4      | Noticed Menkaure
  3441 | D:4      | Killed Menkaure
  3441 | D:4      | Reached skill level 7 in Spellcasting
  3441 | D:4      | Reached XP level 6. HP: 11/33 MP: 2/18
  3838 | D:4      | Found an ancient bone altar of Kikubaaqudgha.
  3884 | D:4      | Learned a level 3 spell: Gell's Gravitas
  4075 | D:4      | Found a shadowy altar of Dithmenos.
  4088 | D:4      | Reached skill level 1 in Staves
  4212 | D:4      | Found a shimmering altar of Xom.
  4449 | D:4      | Found an ornate altar of the Wu Jian Council.
  4511 | D:5      | Entered Level 5 of the Dungeon
  4769 | D:5      | Noticed a yak
  4769 | D:5      | Noticed a yak
  4776 | D:5      | Noticed a yak
  4797 | D:5      | Killed a yak
  4797 | D:5      | Offered knowledge of Freeze by Vehumet.
  4797 | D:5      | Reached skill level 8 in Spellcasting
  4797 | D:5      | Reached XP level 7. HP: 34/37 MP: 18/20
  4869 | D:5      | Slain by a yak

Illustrated notes

Levels and vault maps discovered:
D:1:      dpeg_arrival_rhombus, layout_rooms
D:2:      minmay_chambers_of_ones, layout_loops_ring, overflow_temple_1_default,
          old_standard_altar, lemuel_doored_altar, first_ration,
          chequers_ecumenical_altar_lobes, grunt_decor_cap, uniq_jessica,
          uniq_crazy_yiuf_cottage
D:3:      layout_basic, kennysheep_slug_shrine
D:4:      minmay_wonky_spiral, layout_cave_pools,
          nicolae_overflow_crystal_walls, kiku_gazebo_garden_becter, tgw_xom,
          nicolae_dithmenos_shadow_blocks, uniq_menkaure
D:5:      layout_basic, amethyst_overflow_temple_binary, grunt_gozag_statues

Skill      XL: |  1  2  3  4  5  6 |
---------------+-------------------+-----
Spellcasting   | 5 6 7 8 |  8.1
Conjurations   | 2 |  2.6
Dodging        | 3 |  3.2
Summonings     | 2 3 |  3.6
Staves         | 1 |  1.4
Fighting       | |  0.7
Stealth        | |  2.9
Translocations | |  1.5
Air Magic      | |  0.2
Poison Magic   | |  0.1

Action                   |  1- 3 |  4- 6 |  7- 9 || total
-------------------------+-------+-------+-------++-------
Melee: Unarmed           |     1 |       |       ||     1
       Quarterstaff      |     3 |    29 |     8 ||    40
 Cast: Magic Dart        |    56 |   121 |     4 ||   181
       Call Imp          |    12 |    41 |     8 ||    61
       Blink             |     4 |       |       ||     4
       Mephitic Cloud    |       |     3 |       ||     3
       Conjure Flame     |       |     1 |       ||     1
  Use: Scroll            |     6 |     6 |       ||    12
  Eat: Chunk             |     2 |    10 |       ||    12
Armor: Robe              |     8 |    11 |     2 ||    21
Dodge: Dodged            |    13 |    28 |    15 ||    56
Block: Other             |     1 |     9 |     9 ||    19
       Reflection        |       |     3 |       ||     3
